 Dungeon Crawl Stone Soup version 0.29-a0-451-gfbfa42419e (webtiles) character file.

Game seed: 8151297480940242645

680 Impy the Bolt Thrower (level 7, -2/56 HPs)
             Began as a Demonspawn Hunter on May 19, 2022.
             Succumbed to a water moccasin's poison
             ... on level 6 of the Dungeon.
             The game lasted 00:08:09 (4683 turns).

Impy the Bolt Thrower (Demonspawn Hunter)           Turns: 4683, Time: 00:08:10

Health: -2/56      AC:  5    Str: 12    XL:     7   Next: 34%
Magic:  7/7        EV: 14    Int:  9    God:
Gold:   197        SH:  0    Dex: 22    Spells: 6/6 levels left

rFire   . . .      SeeInvis .   f - +1 short sword (elec)
rCold   + . .      Faith    .   (no shield)
rNeg    + . .      Spirit   .   n - +2 leather armour {rC+}
rPois   .          Reflect  .   (no helmet)
rElec   .          Harm     .   (no cloak)
rCorr   .          Rampage  .   (no gloves)
Will    +....                   (no boots)
Stlth   ++........              (no amulet)
HPRegen 0.18/turn               j - ring of the Modern Youths {rN+ Int-5 Dex+4}
MPRegen 0.10/turn               (no ring)

@: lethally poisoned (-2 -> -14), invisible, unable to read
A: big brain 2, demonic magic 1, weakness stinger 2, strong-willed 1, screaming
1, inability to read while threatened
a: no special abilities


You were on level 6 of the Dungeon.
You visited 1 branch of the dungeon, and saw 6 of its levels.

You collected 197 gold pieces.

Inventory:

Hand Weapons
 a - a +2 hand crossbow
 f - a +1 short sword of electrocution (weapon)
Armour
 b - a +1 leather armour
 n - a +2 leather armour of cold resistance (worn)
Jewellery
 j - the ring of the Modern Youths (left hand) {rN+ Int-5 Dex+4}
   (You found it on level 5 of the Dungeon)

   [ring of positive energy]

   Int:       It affects your intelligence (-5).
   Dex:       It affects your dexterity (+4).
   rN:        It protects you from negative energy.
Scrolls
 c - 2 scrolls of immolation
 d - 2 scrolls of fog
 e - a scroll of enchant armour
 h - 2 scrolls of identify
 i - a scroll of magic mapping
 o - a scroll of poison
Potions
 k - a potion of magic
 l - 2 potions of ambrosia


   Skills:
 + Level 5.0 Fighting
 + Level 5.6 Crossbows
 + Level 4.5 Dodging
 - Level 0.8 Stealth


You had 6 spell levels left.
You didn't know any spells.
Your spell library contained the following spells:

 Spells                   Type           Power      Damage    Failure   Level
 Beastly Appendage        Tmut           0%         N/A       45%         1
 Wereblood                Tmut           0%         N/A       61%         2
 Spider Form              Tmut/Pois      0%         N/A       83%         3


Dungeon Overview and Level Annotations

Branches:
Dungeon (6/15)
 Temple: D:4-7

Altars:
Cheibriados
Ru


Innate Abilities, Weirdness & Mutations

You have an extremely huge brain. (Int +4)
Spells you cast may paralyse adjacent enemies.
You have a tail ending in a sharp stinger.
You are strong-willed. (Will+)
You occasionally shout uncontrollably at your foes.
You sometimes lose the ability to read scrolls when taking damage.


Message History

The water moccasin bites you.
* * * LOW HITPOINT WARNING * * *
The water moccasin misses you.
Shoot: a) +2 hand crossbow
Press: ? - help, Shift-Dir - straight line, f/p - water moccasin
Aim: a water moccasin (heavily wounded, can't see you, 56% to hit)
You shoot a bolt. The bolt misses the water moccasin.
The water moccasin bites you but does no damage.
The water moccasin misses you.
Shoot: a) +2 hand crossbow
Press: ? - help, Shift-Dir - straight line, f/p - water moccasin
Aim: a water moccasin (heavily wounded, can't see you, 56% to hit)
You shoot a bolt.
The bolt barely misses the water moccasin.
The water moccasin misses you. The water moccasin bites you!
* * * LOW HITPOINT WARNING * * *
You cannot read scrolls in your current state!
You feel better.
The water moccasin bites you but does no damage.
You hear the crackle of electricity.
f - a +1 short sword of electrocution (weapon)
The water moccasin misses you.
You closely miss the water moccasin.
The water moccasin is heavily wounded.
The water moccasin closely misses you.
You miss the water moccasin. You tail-slap the water moccasin.
The water moccasin is severely wounded.
The water moccasin bites you.
* * * LOW HITPOINT WARNING * * *
You are lethally poisoned!
The water moccasin poisons you! The water moccasin closely misses you.
You hit the water moccasin.
The water moccasin is almost dead.
* * * LOW HITPOINT WARNING * * *
You feel very sick. The water moccasin bites you.
* * * LOW HITPOINT WARNING * * *
You hit the water moccasin.
You kill the water moccasin!
You die...

########## #........#
###........# .###
#..........#
.....###........###
.#..............########
.......@................
.......†.......#########
...............# #.....
...............# #.####
...............# #.# ..
.......?###....# #.# ##
........# #....# #.# #.
........# #.... #.# #.
#.# #.


There were no monsters in sight!

Vanquished Creatures
  Grinder (D:5)
  3 water moccasins (D:6)
  A howler monkey (D:5)
  A gnoll shaman (D:5)
  Ijyb (D:3)
  An orc wizard (D:2)
  4 adders
  5 gnolls (D:5)
  A dart slug (D:2)
  6 orcs
  9 endoplasms
  3 giant cockroaches
  7 goblins
  11 hobgoblins
  4 jackals (D:3)
  3 quokkas
  5 ball pythons
  4 bats
  6 frilled lizards
  4 kobolds
  7 rats
87 creatures vanquished.

Notes
Turn   | Place    | Note
-------+----------+-------------------------------------------
     0 | D:1      | Impy the Demonspawn Hunter began the quest for the Orb.
     0 | D:1      | Reached XP level 1. HP: 16/16 MP: 1/1
    14 | D:1      | Found a faded altar of an unknown god.
   159 | D:1      | Gained mutation: You have a small tail. [demonic ancestry]
   159 | D:1      | Reached XP level 2. HP: 18/22 MP: 2/2
   910 | D:2      | Gained mutation: You have an unusually large brain. (Int
                  | +2) [demonic ancestry]
   910 | D:2      | Reached XP level 3. HP: 28/28 MP: 3/3
  1345 | D:2      | Gained mutation: You have an extremely huge brain. (Int +4)
                  | [demonic ancestry]
  1345 | D:2      | Reached XP level 4. HP: 28/35 MP: 4/4
  2502 | D:3      | Noticed Ijyb
  2598 | D:3      | Killed Ijyb
  2599 | D:3      | Reached XP level 5. HP: 34/41 MP: 5/5
  3277 | D:4      | Gained mutation: You occasionally shout uncontrollably at
                  | your foes. [potion of mutation]
  3277 | D:4      | Gained mutation: You sometimes lose the ability to read
                  | scrolls when taking damage. [potion of mutation]
  3277 | D:4      | Gained mutation: You are strong-willed. (Will+) [potion of
                  | mutation]
  3286 | D:4      | You fall into a shaft and drop 1 floor!
  3286 | D:5      | Entered Level 5 of the Dungeon
  3291 | D:5      | Found a sacrificial altar of Ru.
  3299 | D:5      | Noticed Grinder
  3309 | D:5      | Killed Grinder
  3310 | D:5      | Gained mutation: You have a tail ending in a sharp stinger.
                  | [demonic ancestry]
  3310 | D:5      | Reached XP level 6. HP: 23/48 MP: 6/6
  3486 | D:5      | Found a snail-covered altar of Cheibriados.
  3519 | D:5      | Reached skill level 5 in Crossbows
  3521 | D:5      | Identified the ring of the Modern Youths {rN+ Int-5 Dex+4}
  4349 | D:6      | Noticed a water moccasin
  4359 | D:6      | Killed a water moccasin
  4360 | D:6      | Gained mutation: Spells you cast may paralyse adjacent
                  | enemies. [demonic ancestry]
  4360 | D:6      | Reached XP level 7. HP: 29/55 MP: 7/7
  4673 | D:6      | Reached skill level 5 in Fighting
  4677 | D:6      | HP: 2/56 [water moccasin (7)]
  4682 | D:6      | HP: 2/56 [poisoned by a water moccasin]
  4683 | D:6      | Succumbed to a water moccasin's poison

Illustrated notes

Levels and vault maps discovered:
D:1:      dpeg_arrival_simpleton_a, layout_basic,
          hellmonk_ecumenical_altar_pennies_from_heaven, hex_intersection
D:2:      layout_basic
D:3:      layout_basic, minmay_stone_trees_medium, uniq_ijyb
D:4:      kennysheep_six_static_rooms, layout_basic,
          mainiacjoe_overflow_six_doors_small, minmay_temple_entry_junction,
          uniq_robin
D:5:      layout_basic, mainiacjoe_overflow_alcove_1,
          mainiacjoe_overflow_cross_hatched, uniq_grinder
D:6:      layout_basic, uniq_pikel

Skill      XL: |  1  2  3  4  5  6  7 |
---------------+----------------------+-----
Dodging        | 2 3 4 |  4.5
Crossbows      | 4 5 |  5.6
Fighting       | 3 4 5 |  5.0
Stealth        | |  0.8

Action                   |  1- 3 |  4- 6 |  7- 9 || total
-------------------------+-------+-------+-------++-------
Melee: Unarmed           |       |    17 |       ||    17
       Short sword       |       |     3 |     4 ||     7
       Tailslap          |       |       |     1 ||     1
 Fire: Hand crossbow     |    97 |   131 |    13 ||   241
Evoke: Wand              |       |     1 |       ||     1
  Use: Potion            |     3 |     6 |     3 ||    12
       Scroll            |     3 |     5 |       ||     8
Armor: Leather armour    |     8 |    14 |     4 ||    26
       Skin              |       |     4 |       ||     4
Dodge: Dodged            |    28 |    51 |    18 ||    97

Table legend: (Time is in decaauts)
 A = Elapsed time spent in this place.
 B = Non-inter-level travel time spent in this place.
 C = Inter-level travel time spent in this place.
 D = Time resting spent in this place.
 E = Time spent auto-exploring this place.
 F = Levels seen in this place.
 G = Mean time per level.
                   A        B        C        D        E       F      G
               +--------+--------+--------+--------+--------+-----+--------+
         Total |   4739 |   4590 |    149 |    106 |   3874 |   6 |  789.8 |
       Dungeon |   4739 |   4590 |    149 |    106 |   3874 |   6 |  789.8 |
               +--------+--------+--------+--------+--------+-----+--------+

Top non-repeatable levels by time:
     D:2: 1213 daAuts
     D:3: 1114 daAuts
     D:5: 1077 daAuts
     D:1: 921 daAuts
     D:6: 339 daAuts
     D:4: 72 daAuts
